Map: King's Cove LE

Players

SorrySerral

  • Race: Zerg Zerg
  • League: Master
  • Spawn Location: 5:00

wootwoot - Winner!

  • Race: Zerg Zerg
  • League: Diamond
  • Spawn Location: 11:00

VOD

Have the link to the VOD?

Description

Time

  • Played on: April 4, 2025, 12:52 a.m.
  • Length: 4:22
Show
View Real Time Build Order
Export as new Build Order

SorrySerral Zerg 

Build Orders: Hatch First 

Get SALT Encoding   

  12  0:02  Drone  
  13  0:14  Overlord  
  13  0:17  Drone  
  14  0:33  Drone x2  
  16  0:48  Hatchery  
  15  0:51  Drone  
  16  1:00  Drone  
  16  1:03  Extractor  
  16  1:13  Spawning Pool  
  16  1:15  Drone  
  16  1:19  Drone  
  17  1:28  Drone  
  17  1:31  Drone  
  19  1:42  Drone  
  20  1:51  Drone  
  21  2:04  Overlord  
  21  2:10  Queen x2  
  21  2:13  Drone  
  21  2:14  Drone x2  
  28  2:19  Metabolic Boost  
  28  2:22  Drone  
  29  2:25  Drone  
  30  2:32  Drone  
  31  2:46  Overlord  
  31  2:47  Evolution Chamber  
  31  2:48  Queen  
  32  2:55  Overlord  
  32  3:00  Queen  
  34  3:12  Drone x3  
  37  3:15  Drone  
  38  3:27  Roach Warren  
  38  3:32  Evolution Chamber  
  36  3:41  Zergling x2  
  36  3:42  Zergling x12  
  43  3:49  Evolution Chamber  
  43  3:52  Zergling x6  
  43  3:53  Zergling x2  
  39  3:56  Zergling x2  
  34  4:03  Zergling x6  
Show
View Real Time Build Order
Export as new Build Order

wootwoot Zerg - Winner!

Build Orders: Hatch First 

Get SALT Encoding   

  12  0:00  Drone  
  13  0:13  Overlord  
  13  0:18  Drone  
  14  0:31  Drone x2  
  16  0:47  Hatchery  
  15  0:51  Drone  
  15  0:55  Drone  
  17  0:59  Drone  
  17  1:01  Extractor  
  17  1:16  Spawning Pool  
  17  1:18  Drone  
  17  1:22  Drone  
  18  1:29  Drone  
  19  1:43  Overlord  
  19  2:02  Metabolic Boost  
  19  2:04  Queen x2  
  23  2:10  Zergling x2  
  23  2:11  Zergling x2  
  23  2:14  Zergling x2  
  26  2:17  Zergling x2  
  26  2:20  Zergling x2  
  28  2:23  Zergling x2  
  28  2:26  Zergling x2  
  30  2:31  Overlord  
  30  2:37  Overlord  
  30  2:44  Zergling x2  
  30  2:45  Zergling x2  
  32  2:54  Zergling x2  
  32  2:55  Zergling x2  
  34  3:05  Zergling x2  
  34  3:06  Zergling x2  
  36  3:13  Zergling x6  
  36  3:14  Zergling x6  
  42  3:22  Zergling x4  
  44  3:31  Zergling x4  
  46  3:39  Zergling x2  
  46  3:40  Zergling x2  
  48  3:43  Zergling x4  
  46  3:52  Zergling x2  
  46  3:53  Zergling x8  
  48  4:03  Baneling Nest  
  48  4:05  Zergling x2  
Tags
 
Add a new tag
Caveats
  • Supply blocks, unpowered buildings, or Contaminate may cause inaccurate times.
  • Supply counts are checked every 10 seconds.